 Dungeon Crawl Stone Soup version 0.29-a0-330-g52719c12eb (webtiles) character file.

Game seed: 8872203976405048068

624908 funaii the Planerender (level 27, -3/198 HPs)
             Began as a Barachi Summoner on May 2, 2022.
             Was a High Priest of Hepliaklqana.
             Slain by an Orb Guardian (15 damage)
             ... on level 5 of the Realm of Zot on May 5, 2022.
             The game lasted 12:16:28 (127736 turns).

funaii the Planerender (Barachi Summoner)         Turns: 127736, Time: 12:16:29

Health: -3/198     AC: 26    Str: 11      XL:     27
Magic:  26/40      EV:  9    Int: 30 (31) God:    Hepliaklqana [*****.]
Gold:   4153       SH: 11    Dex:  9      Spells: 24/70 levels left

rFire   + + .      SeeInvis +   V - +9 demon trident (venom)
rCold   + . .      Faith    .   X - +1 buckler {rC+}
rNeg    . . .      Spirit   .   R - +8 chain mail "Saum" {+Inv rPois rCorr Dex-5}
rPois   +          Reflect  +   t - +2 helmet {SInv}
rElec   +          Harm     .   r - scarf {repulsion}
rCorr   +          Rampage  .   k - +2 pair of gloves
Will    ++...      Rage     1%  C - +2 pair of boots
Stlth   ++........ Rnd*Tele +   b - amulet of Zecaen {Reflect +Inv SH+5 Stlth+}
HPRegen 0.43/turn               Z - ring of protection from fire
MPRegen 0.27/turn               K - ring "Leonopu" {Wiz rElec rF+ MP-9 Int+6}

@: marked, forested, unable to hop, repel missiles, unable to read, slow
A: reduced essence, amphibious, slowness 1, strong legs 2, +LOS, berserk 1,
clumsy 1, deformed body, deterioration 2, teleportitis 1, no potion heal 1,
inability to read while threatened
}: 3/15 runes: decaying, serpentine, silver
a: Hop, Renounce Religion, Evoke Invisibility, Recall Ancestor, Ancestor
Identity, Transference, Idealise


You were on level 5 of the Realm of Zot.
You worshipped Hepliaklqana.
Hepliaklqana was extremely pleased with you.
You visited 11 branches of the dungeon, and saw 49 of its levels.
You visited the Abyss 1 time.
You visited 1 bazaar.
You also visited: Ice Cave.

You collected 8907 gold pieces.
You spent 4754 gold pieces at shops.

Inventory:

Hand Weapons
 i - the +0 spear "Uguetux" {freeze, *Noise rN+ Int+4}
   (You found it on level 1 of the Depths)

   It freezes those it strikes, dealing additional cold damage.
   It can also slow down cold-blooded creatures.
   Int:       It affects your intelligence (+4).
   rN:        It protects you from negative energy.
   *Noise:    It may make noises in combat.
 Q - the +2 hand axe "Goddisk" {venom, rN+ Str+4}
   (You took it off a deep elf archer on level 3 of the Elven Halls)

   It poisons the flesh of those it strikes.
   Str:       It affects your strength (+4).
   rN:        It protects you from negative energy.
 V - a +9 demon trident of venom (weapon)
Armour
 k - a +2 pair of gloves (worn)
 o - the +10 ring mail "Qasaqent" {Slay+2}
   (You found it on level 1 of the Vaults)

   Slay:      It affects your accuracy & damage with ranged weapons and melee
   (+2).
 r - a scarf of repulsion (worn)
 t - a +2 helmet of see invisible (worn)
 C - a +2 pair of boots (worn)
 D - the +6 scale mail "Yppanizu" {*Corrode rElec Int+4}
   (You found it in an ice cave)

   Int:       It affects your intelligence (+4).
   rElec:     It insulates you from electricity.
   *Corrode:  It may corrode you when you take damage.
 R - the +8 chain mail "Saum" (worn) {+Inv rPois rCorr Dex-5}
   (You found it on level 1 of the Vaults)

   Dex:       It affects your dexterity (-5).
   rPois:     It protects you from poison.
   +Inv:      It lets you turn invisible.
   rCorr:     It protects you from acid and corrosion.
 X - a +1 buckler of cold resistance (worn)
Jewellery
 b - the amulet of Zecaen (around neck) {Reflect +Inv SH+5 Stlth+}
   (You took it off a deep elf pyromancer on level 3 of the Elven Halls)

   [amulet of reflection]

   It reflects blocked missile attacks.
   +Inv:      It lets you turn invisible.
   SH:        It affects your SH (+5).
   Stlth:     It makes you more stealthy.
 l - the ring "Fologo" {Will+ MP+9 AC+4 Int+2}
   (You found it on level 5 of the Vaults)

   [ring of protection]

   AC:        It affects your AC (+4).
   Int:       It affects your intelligence (+2).
   MP:        It affects your magic capacity (+9).
   Will:      It increases your willpower.
 n - the amulet of the Air {Inacc Air Fly rElec RMsl}
   (You found it on level 5 of the Lair of Beasts)

   [amulet of nothing]

   It reduces the accuracy of all your attacks.
   It enhances your air magic.
   rElec:     It insulates you from electricity.
   Fly:       It grants you flight.
   RMsl:      It protects you from missiles.
 q - the ring of Wishful Thinking {Drain rPois rF- rC+ MP+9 Dex+7}
   (You took it off a deep elf elementalist on level 3 of the Elven Halls)

   [ring of magical power]

   Dex:       It affects your dexterity (+7).
   rF:        It makes you vulnerable to fire.
   rC:        It protects you from cold.
   rPois:     It protects you from poison.
   MP:        It affects your magic capacity (+9).
   Drain:     It drains your maximum health when unequipped.
 v - a +4 ring of protection
 A - a ring of poison resistance
 B - a ring of protection from cold
 G - the ring "Nuosmiu" {Fly rF+}
   (You took it off a vault warden on level 1 of the Vaults)

   [ring of protection from fire]

   rF:        It protects you from fire.
   Fly:       It grants you flight.
 K - the ring "Leonopu" (right hand) {Wiz rElec rF+ MP-9 Int+6}
   (You took it off a vault sentinel on level 5 of the Vaults)

   [ring of wizardry]

   It improves your spell success rate.
   Int:       It affects your intelligence (+6).
   rF:        It protects you from fire.
   rElec:     It insulates you from electricity.
   MP:        It affects your magic capacity (-9).
 Y - the ring "Neidebryt" {*Corrode rElec Will+ MP+9 Dex+6}
   (You acquired it on level 5 of the Vaults)

   [ring of magical power]

   Dex:       It affects your dexterity (+6).
   rElec:     It insulates you from electricity.
   MP:        It affects your magic capacity (+9).
   *Corrode:  It may corrode you when you take damage.
   Will:      It increases your willpower.
 Z - a ring of protection from fire (left hand)
Wands
 f - a wand of polymorph (25)
 m - a wand of digging (10)
 y - a wand of paralysis (28)
 E - a wand of flame (85)
 F - a wand of acid (19)
 J - a wand of mindburst (14)
 L - a wand of iceblast (73)
Scrolls
 a - 4 scrolls of silence
 e - 4 scrolls of blinking
 p - 25 scrolls of teleportation
 z - 9 scrolls of fog
 H - 7 scrolls of fear
 M - 6 scrolls of magic mapping
 O - 6 scrolls of holy word
 S - 14 scrolls of amnesia
 T - 2 scrolls of summoning
 W - 4 scrolls of enchant weapon
Potions
 c - 6 potions of resistance
 g - 11 potions of haste
 h - 9 potions of might
 j - 6 potions of magic
 s - 6 potions of heal wounds
 u - 20 potions of curing
 w - 3 potions of invisibility
 x - 9 potions of brilliance
 I - 3 potions of ambrosia
 N - 5 potions of cancellation
 P - a potion of flight
 U - a potion of berserk rage
Miscellaneous
 d - a lightning rod (4/4)


   Skills:
 - Level 19.0 Fighting
 * Level 19.2 Polearms
 - Level 12.0 Armour
 * Level 22.4 Dodging
 - Level 8.7 Stealth
 - Level 9.0 Shields
 + Level 22.0 Spellcasting
 O Level 27 Summonings
 - Level 3.0 Translocations
 - Level 9.4 Invocations
 + Level 9.9 Evocations


You had 24 spell levels left.
You knew the following spells:

 Your Spells              Type           Power      Damage    Failure   Level
a - Summon Small Mammal   Summ           100%       N/A       0%          1
b - Call Imp              Summ           100%       N/A       0%          2
c - Call Canine Familiar  Summ           100%       N/A       0%          3
d - Summon Guardian Gole  Hex/Summ       85%        N/A       1%          3
e - Summon Lightning Spi  Summ/Air       85%        N/A       1%          4
f - Summon Forest         Summ/Tloc      44%        N/A       1%          5
g - Summon Hydra          Summ           57%        N/A       1%          7
h - Monstrous Menagerie   Summ           57%        N/A       1%          7
i - Summon Cactus Giant   Summ           57%        N/A       1%          6
j - Summon Horrible Thin  Summ           57%        N/A       1%          8

Your spell library contained the following spells:

 Spells                   Type           Power      Damage    Failure   Level
 Summon Ice Beast         Ice/Summ       85%        N/A       1%          4
 Summon Mana Viper        Hex/Summ       85%        N/A       1%          5
 Apportation              Tloc           100%       N/A       3%          1
 Blink                    Tloc           100%       N/A       4%          2
 Gell's Gravitas          Tloc           50%        N/A       9%          3
 Lesser Beckoning         Tloc           50%        N/A       9%          3
 Teleport Other           Tloc           50%        N/A       9%          3
 Animate Skeleton         Necr           66%        N/A       11%         1
 Foxfire                  Conj/Fire      100%       2x1d9     11%         1
 Freeze                   Ice            100%       1d11      11%         1
 Magic Dart               Conj           100%       1d8       11%         1
 Pain                     Necr           100%       1d9       11%         1
 Slow                     Hex            100%       N/A       11%         1
 Sting                    Tmut/Pois      100%       1d8       11%         1
 Ensorcelled Hibernation  Hex/Ice        66%        N/A       16%         2
 Passwall                 Tmut/Erth      27%        N/A       16%         2
 Poisonous Vapours        Pois/Air       66%        N/A       16%         2
 Scorch                   Fire           66%        2d8       16%         2
 Searing Ray              Conj           66%        2d6       16%         2
 Static Discharge         Conj/Air       33%        N/A       16%         2
 Portal Projectile        Hex/Tloc       84%        N/A       16%         3
 Malign Gateway           Summ/Tloc      44%        N/A       19%         7
 Passage of Golubria      Tloc           50%        N/A       28%         4
 Confusing Touch          Hex            33%        N/A       30%         3
 Conjure Flame            Conj/Fire      33%        6-21      30%         3
 Dazzling Flash           Conj/Hex       66%        N/A       30%         3
 Frozen Ramparts          Ice            66%        1d8       30%         3
 Ignite Poison            Fire/Tmut/Pois 33%        N/A       30%         3
 Inner Flame              Hex/Fire       33%        N/A       30%         3
 Mephitic Cloud           Conj/Pois/Air  33%        N/A       30%         3
 Ozocubu's Armour         Ice            33%        N/A       30%         3
 Spider Form              Tmut/Pois      33%        N/A       30%         3
 Stone Arrow              Conj/Erth      66%        3d11      30%         3
 Swiftness                Air            33%        N/A       30%         3
 Tukima's Dance           Hex            33%        N/A       30%         3
 Vampiric Draining        Necr           33%        2d8       30%         3
 Spellforged Servitor     Conj/Summ      42%        N/A       32%         7
 Iskenderun's Mystic Bla  Conj/Tloc      42%        2d10      45%         4
 Manifold Assault         Tloc           50%        N/A       61%         5
 Anguish                  Hex/Necr       16%        N/A       67%         4
 Animate Dead             Necr           16%        N/A       67%         4
 Dispel Undead            Necr           33%        3d14      67%         4
 Flame Wave               Conj/Fire      33%        2d8       67%         4
 Fulminant Prism          Conj/Hex       16%        3d11      67%         4
 Hailstorm                Conj/Ice       33%        3d8       67%         4
 Ice Form                 Ice/Tmut       33%        N/A       67%         4
 Leda's Liquefaction      Hex/Erth       16%        N/A       67%         4
 Olgreb's Toxic Radiance  Pois           33%        N/A       67%         4
 Petrify                  Tmut/Erth      33%        N/A       67%         4
 Sticky Flame             Conj/Fire      33%        2d5       67%         4
 Agony                    Necr           33%        N/A       94%         5
 Alistair's Intoxication  Tmut/Pois      22%        N/A       94%         5
 Blade Hands              Tmut           16%        N/A       94%         5
 Borgnjor's Vile Clutch   Necr/Erth      16%        N/A       94%         5
 Excruciating Wounds      Necr           16%        N/A       94%         5
 Fireball                 Conj/Fire      16%        3d8       94%         5
 Irradiate                Conj/Tmut      16%        3d18      94%         5
 Lee's Rapid Deconstruct  Erth           16%        3d11*     94%         5
 Metabolic Englaciation   Hex/Ice        16%        N/A       94%         5
 Silence                  Hex/Air        16%        N/A       94%         5
 Yara's Violent Unravell  Hex/Tmut       16%        3d8       94%         5
 Dispersal                Tloc           25%        N/A       98%         6
 Death Channel            Necr           16%        N/A       100%        6
 Eringya's Noxious Bog    Tmut/Pois      16%        N/A       100%        6
 Iron Shot                Conj/Erth      16%        9d4       100%        6
 Simulacrum               Ice/Necr       16%        N/A       100%        6
 Starburst                Conj/Fire      16%        6d6       100%        6
 Statue Form              Tmut/Erth      22%        N/A       100%        6
 Dragon Form              Tmut           16%        N/A       100%        7
 Enfeeble                 Hex            16%        N/A       100%        7
 Orb of Destruction       Conj           16%        9d7       100%        7
 Ozocubu's Refrigeration  Ice            16%        4d8       100%        7
 Borgnjor's Revivificati  Necr           16%        N/A       100%        8
 Ignition                 Fire           16%        3d7       100%        8
 Necromutation            Tmut/Necr      16%        N/A       100%        8
 Chain Lightning          Conj/Air       16%        3d22      100%        9
 Death's Door             Necr           16%        N/A       100%        9


Dungeon Overview and Level Annotations

Branches:
Dungeon (15/15)            Temple (1/1) D:7            Lair (5/6) D:9
  Swamp (4/4) Lair:4        Snake (4/4) Lair:3          Orc (2/2) D:12
    Elf (3/3) Orc:2        Vaults (5/5) D:14          Crypt (0/3) Vaults:2
 Depths (4/4) D:15           Hell (visited)             Dis (0/7) Hell
    Geh (0/7) Hell            Coc (0/7) Hell            Tar (0/7) Hell
    Zot (5/5) Depths:4      IceCv (visited)
  Slime: Lair:5-6

Altars:
Ashenzari
Cheibriados
Dithmenos
Elyvilon
Fedhas
Gozag
Hepliaklqana
Kikubaaqudgha
Makhleb
Nemelex Xobeh
Okawaru
Qazlal
Ru
Sif Muna
Trog
Uskayaw
Vehumet
Wu Jian
Xom
Yredelemnul
Zin
The Shining One
Beogh

Shops:
D:9 (   Orc:1 *   Orc:2 *?([*   Elf:2 ?   Vaults:2 *:[=(   Vaults:3 *?
Vaults:4 *   Depths:1 :=:

Portals:
Hell: Depths:1 Depths:2 Depths:3 Depths:4
Abyss: Depths:3
Pandemonium: Depths:2
Ziggurat: Depths:2
Trove: Depths:4 (give +4 storm dragon scales)

Annotations:
D:8 Erica
D:10 exclusion: ice statue
Swamp:3 exclusions: will-o-the-wisp and 2 more exclusions
Swamp:4 1 runed translucent door, p0werm0de's ghost, journeyman VSFi
Depths:2 exclusion: orange crystal statue
Hell exclusions: ice statue and 2 orange crystal statues


Innate Abilities, Weirdness & Mutations

Your life essence is reduced to manifest your ancestor. (-10% HP)
You are amphibious.
You cover ground slowly.
You can hop long distances.
You have an extended range of vision and can be seen from far away.
You tend to lose your temper in combat.
You are clumsy. (Dex -2)
Armour fits poorly on your strangely shaped body.
Your body often deteriorates upon taking damage.
You are occasionally teleported next to monsters.
Potions are less effective at restoring your health.
You sometimes lose the ability to read scrolls when taking damage.


Message History

The storm dragon claws you but does no damage.
You block the storm dragon's attack.
Your system partially rejects the healing.
You feel much better. The Orb Guardian hits you!
* * * LOW HITPOINT WARNING * * *
The storm dragon misses you. The storm dragon claws you!
* * * LOW HITPOINT WARNING * * *
The storm dragon tramples you but does no damage.
Unknown command.
Okay, then.
Hop to where?
Press: ? - help, Dir - move target Boing!
The orb of fire glows deep purple.
Strange energies course through your body.
You feel your body start to fall apart. The dread lich casts a spell at you.
You struggle to resist.
Casting: Summon Forest (mildly dangerous; 1% risk of failure)
Confirm with . or Enter, or press ? or * to list all spells.
You can only summon one forest at a time.
Casting: Summon Forest (mildly dangerous; 1% risk of failure)
Confirm with . or Enter, or press ? or * to list all spells.
The storm dragon breathes lightning at you.
The bolt of lightning hits you. You resist.
* * * LOW HITPOINT WARNING * * *
The Orb Guardian hits your tentacled monstrosity!!!
The dread lich casts a spell.
Your tentacled monstrosity tentacle-slaps the orb of fire but does no damage.
Your tentacled monstrosity completely misses the orb of fire.
Your tentacled monstrosity tentacle-slaps the orb of fire but does no damage.
The Orb Guardian attacks as you move away!
You block the Orb Guardian's attack.
The Orb Guardian hits your large abomination!!
Your large abomination hits the Orb Guardian!
The Orb Guardian hits your large abomination!!!
Your large abomination is destroyed!
Your large abomination disappears in a puff of smoke!
The Orb Guardian hits you!
You die...

*▓...2...?...^.^........▓
▓▓....X^.......^.......*
▓▓....2.................▓
▓▓^.....L................▓
▓.....................^..▓
▓....X.XX................▓
▓▓...*§X................▓▓
▓▓...X..............^▓▓*
▓▓▓▓D.X@.........▓▓▓*
▓▓▓▓▓▓▓▓▓▓▓▓▓▓▓


You could see an orb of fire, a dread lich (invisible), a storm dragon, 3 Orb
Guardians, 2 blizzard demons, a friendly tentacled monstrosity (summoned) and 3
friendly large abominations.

Vanquished Creatures
  2 golden dragons
  3 tentacled monstrosities
  7 Orb Guardians (Zot:5)
  A titan (Vaults:5)
  3 quicksilver dragons
  A sphinx (Vaults:3)
  3 death cobs
  A storm dragon (Zot:5)
  A tengu reaver (Vaults:4)
  2 shadow dragons
  A deep elf sorcerer (Vaults:5)
  An iron dragon (Depths:3)
  A reaper (Hell)
  A draconian annihilator (Zot:4)
  An ironbound preserver (Vaults:5)
  A stone giant (Vaults:1)
  A deep elf annihilator (Elf:3)
  A deep elf demonologist (Elf:3)
  A black draconian (Zot:4)
  A green draconian (Zot:3)
  A purple draconian (Zot:2)
  A spark wasp (Depths:2)
  A red draconian (Zot:3)
  A deep elf death mage (Elf:3)
  A crystal guardian (Abyss:2)
  A fire dragon (Depths:3)
  A vault guard (Vaults:4)
  2 yaktaur captains
  A hydra (shapeshifter) (Vaults:4)
  A hell beast (Depths:1)
  A spriggan air mage (Depths:4)
  An ironbound frostheart (Vaults:2)
  3 dancing weapons
  2 hell hogs
  3 sun demons
  Nergalle (D:11)
  3 deep elf knights
  A spatial maelstrom (Abyss:2)
  4 deep trolls
  2 glowing orange brains
  A phantasmal warrior (Vaults:5)
  2 deep elf zephyrmancers (Elf:1)
  2 necromancers
  An ironbound convoker (Vaults:4)
  A wizard (Depths:2)
  An orc knight (Vaults:3)
  A deep elf archer (Elf:2)
  3 deep elf pyromancers
  7 ugly things
  A fire giant zombie (D:15)
  3 moths of wrath
  A salamander (Depths:2)
  A vault sentinel (Vaults:5)
  An elephant (Lair:5)
  A molten gargoyle (Hell)
  A komodo dragon (Lair:2)
  A freezing wraith (Vaults:5)
  A yaktaur (Vaults:3)
  A troll (D:11)
  A polar bear (IceCv)
  2 slime creatures
  A tyrant leech (Swamp:2)
  A spriggan zombie (D:15)
  2 blink frogs
  A jumping spider (Zot:2)
  A fire elemental (Abyss:2)
  A wraith (Abyss:2)
  5 yaks
  4 vampire mosquitoes
  A sea snake simulacrum (Hell)
  3 water moccasins
  6 nameless horrors
  An orc warrior (D:12)
  3 wolves
  A bullfrog (Lair:4)
  2 scorpions
  A wight (D:6)
  A killer bee (D:8)
  2 hounds
  An orc priest (D:7)
  An orc wizard (Orc:2)
  Terence (D:2)
  An iguana (D:7)
  A white imp (Abyss:2)
  A worm (D:2)
  A dart slug (D:4)
  4 orcs
  2 ball pythons (D:2)
  2 goblins
  4 jackals
  A quokka (D:1)
  3 bats
160 creatures vanquished.

Vanquished Creatures (collateral kills)
  A dread lich (Zot:5)
  8 orbs of fire
  Mara (Elf:3)
  2 juggernauts
  Boris (thrice) (Vaults:4 Depths:1 Depths:3)
  Parghit (Depths:3)
  5 Killer Klowns
  Xtahua (Depths:3)
  Saint Roka (Vaults:4)
  A caustic shrike (Depths:2)
  Jory (Depths:4)
  7 curse toes
  12 golden dragons
  Geryon (Hell)
  Nikola (Swamp:1)
  A bone dragon (Vaults:2)
  An electric golem (Zot:5)
  12 tentacled monstrosities
  The ghost of Siling the Spry, an adept DjFE of Makhleb (Vaults:4)
  A tainted leviathan (Depths:1)
  A walking crystal tome (Depths:2)
  15 Orb Guardians (Zot:5)
  4 liches
  Asterion (Snake:4)
  A walking earthen tome (Depths:2)
  5 deep elf blademasters
  2 deep elf master archers (Elf:3)
  A walking divine tome (Depths:4)
  Murray (Depths:1)
  3 titans (Vaults:5)
  3 quicksilver dragons
  A tentacled starspawn (Abyss:2)
  Frances (Swamp:2)
  8 sphinxes
  4 death cobs
  7 shadow dragons
  8 storm dragons
  2 draconian monks
  17 tengu reavers
  Donald (Vaults:4)
  12 frost giants
  11 fire giants
  9 draconian knights
  6 nagarajas
  The ghost of Ajdolov the Unseen, an adept KoBr of Wu Jian (Snake:1)
  3 iron dragons
  Aizul (Snake:3)
  13 vault wardens
  4 orc warlords
  6 deep elf sorcerers
  A draconian scorcher (Zot:2)
  3 ghost moths
  2 draconian stormcallers
  A balrug (Depths:4)
  5 draconian shifters
  7 draconian annihilators
  2 reapers
  2 spriggan defenders (Depths:2)
  24 ironbound preservers
  A deep elf elementalist (Elf:3)
  An ophan (Abyss:2)
  3 war gargoyles
  30 very ugly things
  15 stone giants
  10 ironbound thunderhulks
  3 deep elf demonologists
  2 black draconians
  5 putrid mouths
  3 vampire knights
  8 deep elf annihilators
  9 white draconians
  4 eleionomae
  6 red draconians
  7 purple draconians
  4 bunyips
  6 green draconians
  Azrael (D:15)
  2 entropy weavers (Vaults:2)
  16 spark wasps
  4 yellow draconians
  5 dire elephants (Vaults:2)
  A crystal guardian (Depths:1)
  5 deep elf death magi
  11 ettins
  A merfolk impaler (Depths:2)
  A blizzard demon (Depths:3)
  4 shambling mangroves
  5 fire dragons
  A kraken zombie (Hell)
  7 great orbs of eyes
  7 deep elf high priests
  15 yaktaur captains
  2 hell beasts (Depths:3)
  3 rakshasas
  4 spriggan air magi
  A ghost crab (Swamp:1)
  33 vault guards
  5 ice dragons
  2 salamander tyrants (Snake:4)
  A catoblepas (shapeshifter) (D:14)
  14 naga warriors
  An alligator snapping turtle (shapeshifter) (D:13)
  8 boulder beetles
  17 hydras
  A death knight (D:13)
  2 ironbound frosthearts
  3 ogre magi
  6 anacondas
  A spriggan skeleton (Abyss:2)
  An anaconda (shapeshifter) (Vaults:1)
  2 catoblepae (D:14)
  10 death yaks
  22 dancing weapons
  9 tengu warriors
  4 deep troll shamans
  6 centaur warriors
  9 two-headed ogres
  3 spriggan berserkers
  5 deep troll earth magi
  Urug (D:12)
  14 hell hogs
  A vampire mage (D:15)
  7 alligators
  6 orc high priests
  10 naga sharpshooters
  4 shock serpents
  4 soul eaters
  11 hell knights
  Sonja (D:13)
  4 spriggans
  17 deep elf knights
  12 skeletal warriors
  3 wretched stars (Abyss:2)
  8 salamander mystics
  6 sun demons (Depths:1)
  5 iron trolls
  A spatial maelstrom (Abyss:2)
  4 goliath frogs
  2 spriggan druids
  Lodul (D:11)
  A golden dragon zombie (D:15)
  64 deep trolls
  6 bog bodies
  An orb spider (Zot:2)
  2 glowing orange brains
  A naga ritualist (Snake:2)
  7 swamp dragons
  2 flayed ghosts
  2 wizards
  Pikel (D:6)
  14 deep elf archers
  A swamp dragon (shapeshifter) (Vaults:5)
  10 orc knights
  5 phantasmal warriors
  3 harpies (Vaults:5)
  3 starcursed masses
  22 ironbound convokers
  30 deep elf pyromancers
  17 deep elf zephyrmancers
  An orc sorcerer (Orc:2)
  7 manticores
  51 ugly things
  6 necromancers
  6 mana vipers
  A frost giant zombie (D:15)
  3 cyclopes
  16 moths of wrath
  20 salamanders
  A will-o-the-wisp (Swamp:3)
  15 naga magi
  A rust devil (Abyss:2)
  Joseph (D:7)
  22 black mambas
  7 guardian serpents
  3 elephants (Lair:5)
  16 vault sentinels
  9 cane toads
  A gargoyle (D:13)
  2 eyes of devastation
  4 molten gargoyles
  12 smoke demons
  A hellion (Hell)
  4 freezing wraiths
  4 komodo dragons
  A kobold demonologist (D:11)
  2 efreet
  4 tengu conjurers
  38 yaktaurs
  2 ice devils (D:13)
  2 ancient zymes (Abyss:2)
  A rime drake (Lair:5)
  8 trolls
  10 polar bears
  A tyrant leech (shapeshifter) (Vaults:5)
  2 bloated husks
  14 tyrant leeches
  A hydra zombie (Hell)
  A tarantella (Zot:2)
  Prince Ribbit (D:7)
  3 hydra skeletons (Hell)
  A harpy skeleton (Abyss:2)
  2 snapping turtles (shapeshifter)
  8 hornets
  A blink frog (shapeshifter) (D:13)
  9 blink frogs
  12 slime creatures
  An alligator skeleton (Hell)
  A culicivora (Vaults:2)
  A shadow (D:11)
  Sigmund (D:2)
  3 jumping spiders (Zot:2)
  An air elemental (Elf:2)
  4 wraiths
  41 yaks
  2 wyverns
  4 basilisks
  6 water elementals
  8 fire elementals
  2 ynoxinuls (Abyss:2)
  A fire bat (shapeshifter) (D:15)
  2 redbacks (Vaults:2)
  15 vampire mosquitoes
  11 swamp worms
  2 chaos spawn (Abyss:2)
  2 small abominations (Abyss:2)
  2 spatial vortices (Abyss:2)
  8 wargs
  3 acid dragons
  42 nagas
  8 water moccasins
  3 hell hounds (D:15)
  9 swamp drakes
  A sky beast (D:5)
  17 orc warriors
  An ice beast (D:7)
  5 black bears
  25 wolves
  11 ogres
  A boggart (Vaults:1)
  5 centaurs
  4 lemures (D:6)
  A phantom (D:6)
  5 kobold brigands
  19 nameless horrors
  14 bullfrogs
  3 gnoll sergeants (D:12)
  2 earth elementals (Elf:1)
  2 necrophages (D:7)
  8 wights
  Dowan (D:6)
  22 killer bees
  An electric eel (Lair:4)
  8 howler monkeys
  36 orc priests
  3 hounds
  18 orc wizards
  12 gnolls
  19 adders
  3 white imps
  2 ufetubi
  3 worms
  3 dart slugs
  71 orcs
  4 ball pythons
  7 endoplasms
  4 giant cockroaches
  2 hobgoblins (D:4)
  5 jackals
  A quokka (D:5)
  4 bats
  5 frilled lizards
  2 goblins
  21 kobolds
  2 rats (D:1)
  2 starspawn tentacles (Abyss:2)
  2 tentacles (Hell)
  A withered plant (D:15)
1862 creatures vanquished.

Vanquished Creatures (others)
  A draconian knight (Zot:3)
  A frost giant (Depths:1)
  A very ugly thing (Vaults:3)
  A yellow draconian (Zot:2)
  A spark wasp (Depths:2)
  A great orb of eyes (Vaults:5)
  Harold (D:11)
  2 hydras
  An ironbound frostheart (IceCv)
  A vault guard (Vaults:1)
  A two-headed ogre (D:11)
  A death yak (IceCv)
  A tengu warrior (D:13)
  A deep troll (Vaults:4)
  A wolf spider (Lair:1)
  An ugly thing (D:10)
  A manticore (shapeshifter) (D:10)
  An elephant (Lair:5)
  A komodo dragon (D:9)
  A troll (D:11)
  3 bloated husks
  A nameless horror (Snake:4)
  14 yaks
  Duvessa (D:6)
  A black bear (D:7)
  An ice beast (D:5)
  An orc warrior (D:7)
  3 centaurs
  A gnoll sergeant (D:5)
  4 wights
  120 battlemagi
  5 killer bees
  2 ancestors
  2 hounds
  A gnoll shaman (D:5)
  An orc priest (D:5)
  An orc wizard (D:5)
  2 orcs
  A bush (Lair:2)
  2 foxfires (Swamp:3)
  49 fungi
  A lurking horror (Abyss:2)
  129 plants
  13 snaplasher vines
  A starspawn tentacle (Abyss:2)
  7 tentacles (Hell)
  13 withered plants (D:15)
401 creatures vanquished.

Grand Total: 2423 creatures vanquished

Notes
Turn   | Place    | Note
-------+----------+-------------------------------------------
     0 | D:1      | funaii the Barachi Summoner began the quest for the Orb.
     0 | D:1      | Reached XP level 1. HP: 13/13 MP: 3/3
   345 | D:1      | Reached XP level 2. HP: 19/19 MP: 3/5
   348 | D:1      | Learned a level 2 spell: Call Imp
   349 | D:1      | Reached skill level 5 in Summonings
  1060 | D:1      | Found a faded altar of an unknown god.
  1078 | D:1      | Reached XP level 3. HP: 23/24 MP: 3/6
  1188 | D:1      | Learned a level 3 spell: Call Canine Familiar
  1721 | D:2      | Reached XP level 4. HP: 30/30 MP: 5/8
  1800 | D:2      | Identified the +2 leather armour of Jovenod {Rampage rElec
                  | rC- Regen+}
  2812 | D:2      | Noticed Terence
  2846 | D:2      | Killed Terence
  2847 | D:2      | Reached XP level 5. HP: 16/35 MP: 1/9
  3035 | D:2      | Noticed Sigmund
  3041 | D:2      | Learned a level 3 spell: Summon Guardian Golem
  3095 | D:2      | Killed Sigmund
  3096 | D:2      | Reached skill level 6 in Summonings
  3096 | D:2      | Reached XP level 6. HP: 41/41 MP: 1/11
  3479 | D:3      | Noticed a nameless horror
  3846 | D:3      | Killed a nameless horror
  3911 | D:3      | Reached XP level 7. HP: 46/46 MP: 10/13
  4222 | D:3      | Found a broken altar of Ashenzari.
  4281 | D:3      | Found an ancient bone altar of Kikubaaqudgha.
  4591 | D:4      | Learned a level 4 spell: Summon Lightning Spire
  5456 | D:5      | Entered Level 5 of the Dungeon
  5547 | D:5      | Found a shadowy altar of Dithmenos.
  6007 | D:5      | Reached skill level 5 in Dodging
  6168 | D:5      | Reached skill level 7 in Summonings
  6272 | D:5      | Reached XP level 8. HP: 52/52 MP: 7/15
  6555 | D:5      | Reached skill level 5 in Spellcasting
  6841 | D:5      | Found a stormy altar of Qazlal.
  6841 | D:5      | Found a sparkling altar of Nemelex Xobeh.
  6872 | D:5      | Reached skill level 5 in Stealth
  8071 | D:6      | Reached skill level 8 in Summonings
  8077 | D:6      | Learned a level 5 spell: Summon Forest
  8234 | D:6      | Noticed Pikel
  8473 | D:6      | Noticed Duvessa
  8473 | D:6      | Noticed Dowan
  8728 | D:6      | Killed Dowan
  8729 | D:6      | Reached XP level 9. HP: 57/57 MP: 15/17
  8877 | D:6      | Killed Pikel
  9018 | D:6      | Killed Duvessa
  9870 | D:7      | Reached skill level 9 in Summonings
 10159 | D:7      | Found a staircase to the Ecumenical Temple.
 10188 | D:7      | Noticed Prince Ribbit
 10201 | D:7      | Killed Prince Ribbit
 10610 | D:7      | Reached XP level 10. HP: 34/63 MP: 18/20
 10848 | D:7      | Noticed Joseph
 10886 | D:7      | Killed Joseph
 10887 | D:7      | Reached skill level 10 in Summonings
 11256 | Temple   | Entered the Ecumenical Temple
 11776 | D:7      | Identified a scroll of acquirement
 11776 | D:7      | Acquired a book of Beasts
 12860 | D:8      | Noticed Erica
 13175 | D:8      | You fall into a shaft and drop 2 floors!
 13175 | D:10     | Entered Level 10 of the Dungeon
 13351 | D:10     | Noticed an ice statue
 14061 | D:9      | Reached skill level 1 in Translocations
 14184 | D:9      | Noticed a two-headed ogre
 14188 | D:9      | Reached XP level 11. HP: 68/68 MP: 11/23
 14195 | D:9      | Reached skill level 11 in Summonings
 14435 | D:9      | Killed a two-headed ogre
 14491 | D:9      | Found a shimmering blue altar of Sif Muna.
 14547 | D:9      | Found Rueschi's Weapon Shop.
 15000 | D:8      | Found a basalt altar of Yredelemnul.
 15420 | D:9      | Found a staircase to the Lair.
 15639 | D:9      | Found a snail-covered altar of Cheibriados.
 15772 | Temple   | Became a worshipper of Hepliaklqana the Forgotten
 16210 | D:9      | Bought a +4 hand crossbow of flaming for 396 gold pieces
 16255 | D:10     | Reached skill level 10 in Dodging
 17110 | D:10     | Noticed a boulder beetle
 17131 | D:10     | Killed a boulder beetle
 17491 | D:10     | Noticed a manticore
 17491 | D:10     | a tarantella changed into a manticore
 17492 | D:10     | Killed a manticore
 17493 | D:10     | Reached skill level 12 in Summonings
 17722 | D:10     | Noticed a brown ugly thing
 17739 | D:10     | Killed a brown ugly thing
 17809 | D:10     | Learned a level 7 spell: Summon Hydra
 18450 | D:10     | Found a blossoming altar of Fedhas.
 18852 | D:11     | Noticed Nergalle
 18972 | Lair:1   | Entered Level 1 of the Lair of Beasts
 19081 | Lair:1   | Reached XP level 12. HP: 63/74 MP: 18/25
 19086 | Lair:1   | Reached skill level 10 in Spellcasting
 19174 | Lair:1   | Found a gate leading to a gauntlet.
 19180 | Lair:1   | Found an ancient bone altar of Kikubaaqudgha.
 19267 | Lair:1   | Reached skill level 13 in Summonings
 20598 | Lair:1   | Reached * piety under Hepliaklqana
 21391 | Lair:1   | Identified the +4 scale mail "Ycoedghuu" {rPois rCorr}
 21497 | Lair:2   | Noticed a four-headed hydra
 21505 | Lair:2   | Killed a four-headed hydra
 21506 | Lair:2   | Reached skill level 1 in Armour
 21519 | Lair:2   | Reached skill level 14 in Summonings
 21743 | Lair:2   | Learned a level 7 spell: Monstrous Menagerie
 21807 | Lair:2   | Reached ** piety under Hepliaklqana
 21808 | Lair:2   | Remembered your ancestor Æthelred as a battlemage
 23441 | Lair:3   | Found a staircase to the Snake Pit.
 23761 | Lair:3   | Reached *** piety under Hepliaklqana
 23825 | Lair:4   | Found a staircase to the Swamp.
 23864 | Lair:4   | Noticed a death yak
 23865 | Lair:4   | Noticed a death yak
 23870 | Lair:4   | Noticed a death yak
 23872 | Lair:4   | Noticed a death yak
 23873 | Lair:4   | Killed a death yak
 23876 | Lair:4   | Killed a death yak
 23877 | Lair:4   | Gained mutation: You can hop long distances. [Barachi
                  | growth]
 23877 | Lair:4   | Reached XP level 13. HP: 71/71 MP: 14/28
 24113 | Lair:4   | Reached skill level 15 in Summonings
 25085 | Lair:4   | Reached skill level 5 in Armour
 25694 | Lair:5   | Reached **** piety under Hepliaklqana
 25808 | Lair:5   | Found the amulet of the Air {Inacc Air Fly rElec RMsl}
 26260 | Lair:5   | Reached skill level 16 in Summonings
 26500 | Lair:5   | Identified the +6 trident "Xidausk" {protect, Will+}
 27125 | Lair:5   | Identified the +6 rapier of Faijiek {flame, rElec}
 27378 | D:11     | Killed Nergalle
 27603 | D:11     | Noticed Harold
 27619 | D:11     | Killed Harold
 27627 | D:11     | Reached skill level 1 in Invocations
 27629 | D:11     | Noticed Lodul
 27634 | D:11     | Reached XP level 14. HP: 45/76 MP: 7/30
 27739 | D:11     | Killed Lodul
 28174 | D:12     | Reached ***** piety under Hepliaklqana
 28399 | D:12     | Reached skill level 17 in Summonings
 28472 | D:12     | Noticed Urug
 28477 | D:12     | Killed Urug
 28553 | D:12     | Found a flickering gateway to a bazaar.
 28563 | Bazaar   | Entered a bazaar
 28577 | Bazaar   | Found Biafann's Antique Armour Shoppe.
 28628 | Bazaar   | Found Teoboc Pima's Assorted Antiques.
 28649 | Bazaar   | Found Desear's Antique Armour Shoppe.
 28660 | Bazaar   | Found Ibeupp's Antique Weapon Shoppe.
 28699 | Bazaar   | Bought a pair of dazzling boots for 199 gold pieces
 28699 | Bazaar   | Identified the +1 pair of boots of the Inquisitive Tales
                  | {rC- Int+2 Dex+2} (You bought it in a shop in a bazaar)
 28699 | Bazaar   | Bought a pair of runed gloves for 157 gold pieces
 28717 | Bazaar   | Bought a glowing scarf for 200 gold pieces
 28743 | Bazaar   | Bought a wooden ring for 130 gold pieces
 28765 | Bazaar   | Bought a glowing trident for 162 gold pieces
 29409 | D:12     | Found a staircase to the Orcish Mines.
 30140 | D:13     | Noticed Sonja
 30144 | D:13     | Killed Sonja
 30196 | D:13     | Found a frozen archway.
 30230 | IceCv    | Entered an ice cave
 30845 | IceCv    | Found the +1 robe of Vines {NoPotionHeal Regen++++}
 30879 | IceCv    | HP: 3/76 [ironbound frostheart/creeping frost (20)]
 31279 | IceCv    | Identified the +6 scale mail "Yppanizu" {*Corrode rElec
                  | Int+4}
 32057 | D:13     | Reached skill level 18 in Summonings
 32386 | Orc:1    | Entered Level 1 of the Orcish Mines
 32432 | Orc:1    | Reached XP level 15. HP: 81/81 MP: 9/31
 32439 | Orc:1    | Reached skill level 5 in Invocations
 33421 | Orc:1    | Found Didos's Assorted Antiques.
 33519 | Orc:2    | Entered Level 2 of the Orcish Mines
 33802 | Orc:2    | Found a staircase to the Elven Halls.
 34122 | Orc:2    | Reached skill level 10 in Armour
 34823 | Orc:2    | Found Sikus's Antique Weapon Shop.
 34823 | Orc:2    | Found Tuxogg's Armour Shoppe.
 35100 | Orc:2    | Found Ucyezxosk's Assorted Antiques.
 35100 | Orc:2    | Found Ibreniju's Magic Scroll Shoppe.
 35119 | Orc:2    | Bought a scroll of enchant armour for 112 gold pieces
 35119 | Orc:2    | Bought a scroll of amnesia for 52 gold pieces
 35119 | Orc:2    | Bought a scroll of blinking for 112 gold pieces
 35154 | Orc:2    | Found Dephar's General Store.
 35163 | Orc:2    | Bought a scroll of blinking for 112 gold pieces
 35863 | D:13     | Reached skill level 19 in Summonings
 37158 | D:13     | Found a broken altar of Ashenzari.
 37166 | D:13     | Noticed an acid blob
 38766 | D:14     | Reached XP level 16. HP: 86/86 MP: 13/33
 39113 | D:14     | Reached skill level 1 in Fighting
 39343 | D:14     | Reached skill level 20 in Summonings
 39479 | D:14     | Found a gate to the Vaults.
 40157 | Snake:1  | Entered Level 1 of the Snake Pit
 40802 | Snake:1  | Found a runed translucent door.
 41500 | Snake:1  | Noticed Ajdolov's ghost (adept KoBr)
 42206 | Snake:2  | Noticed a nagaraja
 42207 | Snake:2  | Reached skill level 5 in Fighting
 42213 | Snake:2  | Killed a nagaraja
 43379 | Snake:2  | Found a basalt altar of Yredelemnul.
 45331 | Snake:3  | Noticed Aizul
 45339 | Snake:3  | Killed Aizul
 46014 | Snake:3  | Reached skill level 21 in Summonings
 46525 | Snake:3  | Reached XP level 17. HP: 109/109 MP: 20/35
 47171 | Swamp:1  | Entered Level 1 of the Swamp
 48060 | Swamp:1  | Reached ****** piety under Hepliaklqana
 48277 | Swamp:1  | Noticed Nikola
 48361 | Swamp:1  | Killed Nikola
 48665 | Swamp:2  | Noticed Frances
 48676 | Swamp:2  | Killed Frances
 49909 | Swamp:2  | Identified the +2 leather armour "Niysiogg" {rPois Slay+2}
 50510 | Swamp:3  | Reached skill level 10 in Fighting
 50510 | Swamp:3  | Reached skill level 1 in Shields
 51359 | Swamp:4  | Entered Level 4 of the Swamp
 52149 | Swamp:3  | Reached skill level 22 in Summonings
 52510 | Swamp:4  | Reached skill level 15 in Spellcasting
 52952 | Swamp:4  | Got a decaying rune of Zot
 53176 | Swamp:4  | Found a runed translucent door.
 53177 | Swamp:4  | Noticed a tentacled monstrosity
 53178 | Swamp:4  | Noticed p0werm0de's ghost (journeyman VSFi)
 53280 | Swamp:4  | Reached XP level 18. HP: 122/122 MP: 34/37
 53672 | Snake:1  | Killed Ajdolov's ghost
 53779 | Snake:4  | Entered Level 4 of the Snake Pit
 54948 | Snake:4  | Noticed Asterion
 55512 | Snake:4  | Found a basalt altar of Yredelemnul.
 55884 | Snake:4  | Killed Asterion
 57413 | Snake:4  | Got a serpentine rune of Zot
 57783 | D:15     | Entered Level 15 of the Dungeon
 58199 | D:15     | Found a staircase to the Depths.
 58254 | D:15     | Noticed Azrael
 58302 | D:15     | Killed Azrael
 58572 | D:15     | Reached skill level 5 in Shields
 59534 | Vaults:1 | Entered Level 1 of the Vaults
 60317 | Vaults:1 | Identified the +10 ring mail "Qasaqent" {Slay+2}
 60467 | Vaults:1 | Reached skill level 23 in Summonings
 60940 | Vaults:1 | Reached XP level 19. HP: 55/134 MP: 3/38
 62887 | Vaults:1 | Reached skill level 1 in Polearms
 64067 | Vaults:1 | Noticed a Tzitzimitl
 64437 | Vaults:1 | Identified the +7 chain mail of the Lair of Beasts {rPois
                  | Dex+4}
 64470 | Vaults:1 | Identified the ring "Nuosmiu" {Fly rF+}
 64669 | Vaults:1 | Identified the +8 chain mail "Saum" {+Inv rPois rCorr
                  | Dex-5}
 64816 | Vaults:2 | Found Ozxuj's Antique Armour Emporium.
 64850 | Vaults:2 | Found Ottistaer's Book Shop.
 66131 | Vaults:2 | Found Buxkatoug's General Store.
 66527 | Vaults:2 | Noticed a bone dragon
 66534 | Vaults:2 | Killed a bone dragon
 66581 | Vaults:2 | Found a staircase to the Crypt.
 66851 | Vaults:2 | Reached XP level 20. HP: 107/144 MP: 16/40
 67079 | Vaults:2 | Found Kunkof's Jewellery Emporium.
 67088 | Vaults:2 | Bought a +4 ring of evasion for 720 gold pieces
 67216 | Vaults:2 | Reached skill level 15 in Fighting
 67436 | Vaults:2 | Reached skill level 24 in Summonings
 67928 | Vaults:2 | Found Xavat's Weapon Boutique.
 69036 | Vaults:3 | Found Varat's Magic Scroll Shop.
 69143 | Vaults:3 | Bought a scroll of enchant weapon for 127 gold pieces
 69143 | Vaults:3 | Bought a scroll of blinking for 127 gold pieces
 69715 | Vaults:3 | Noticed a golden dragon
 69766 | Vaults:3 | Killed a golden dragon
 70250 | Vaults:3 | Paralysed by a sphinx for 5 turns
 71470 | Vaults:4 | Found Vips's General Store.
 71507 | Vaults:4 | Bought a scroll of enchant weapon for 97 gold pieces
 71507 | Vaults:4 | Bought a potion of heal wounds for 65 gold pieces
 71890 | Vaults:4 | Reached skill level 5 in Polearms
 71938 | Vaults:4 | Noticed Saint Roka
 72240 | Vaults:4 | Killed Saint Roka
 73020 | Vaults:4 | Noticed Boris
 73252 | Vaults:4 | Killed Boris
 73850 | Vaults:4 | Reached XP level 21. HP: 154/154 MP: 5/42
 74479 | Vaults:4 | Noticed Donald
 74487 | Vaults:4 | Killed Donald
 74825 | Vaults:4 | Found a runed translucent gate.
 74825 | Vaults:4 | Found a runed translucent gate.
 74825 | Vaults:4 | Found a runed translucent gate.
 74825 | Vaults:4 | Noticed Siling's ghost (adept DjFE)
 75276 | Vaults:4 | Killed Siling's ghost
 75277 | Vaults:4 | Reached skill level 25 in Summonings
 75531 | Depths:1 | Entered Level 1 of the Depths
 75531 | Depths:1 | Noticed Boris
 75542 | Depths:1 | Killed Boris
 80062 | Depths:1 | Identified the +0 quarterstaff of the Grinning Asp {vamp,
                  | rF- Dex+8}
 80110 | Depths:1 | Found a gateway to Hell.
 80154 | Depths:1 | Found Coatefet's Book Boutique.
 80160 | Depths:1 | Found Huuro's Jewellery Shoppe.
 80162 | Depths:1 | Found Xirghajukk's Book Boutique.
 80315 | Depths:1 | Found a stormy altar of Qazlal.
 80488 | Depths:1 | Bought Great Wizards, Vol. VII for 360 gold pieces
 80488 | Depths:1 | Bought Loeblamp's Compendium of the Escort and the Birds
                  | for 576 gold pieces
 80579 | Depths:1 | Identified the +0 spear "Uguetux" {freeze, *Noise rN+
                  | Int+4}
 80592 | Depths:1 | Bought a book of Scorching for 330 gold pieces
 80599 | Depths:1 | Learned a level 6 spell: Summon Cactus Giant
 80601 | Depths:1 | Bought a ring of wizardry for 480 gold pieces
 80601 | Depths:1 | Bought a ring of see invisible for 240 gold pieces
 80617 | Depths:2 | Found a one-way gateway to a ziggurat.
 82965 | Depths:2 | Reached XP level 22. HP: 146/161 MP: 36/44
 83011 | Depths:2 | Noticed a golden dragon
 83015 | Depths:2 | Killed a golden dragon
 83049 | Depths:1 | HP: 2/166 [something (19)]
 83536 | Depths:2 | Noticed a juggernaut
 83543 | Depths:2 | Killed a juggernaut
 83544 | Depths:2 | Reached skill level 26 in Summonings
 83551 | Depths:2 | Noticed a golden dragon
 83557 | Depths:2 | Killed a golden dragon
 83623 | Depths:2 | Noticed a caustic shrike
 83705 | Depths:2 | Killed a caustic shrike
 84423 | Depths:2 | Identified the +1 ring mail of the Cricket {Stlth+}
 84812 | Depths:2 | Noticed a golden dragon
 84824 | Depths:2 | Killed a golden dragon
 84911 | Depths:2 | Found a one-way gate leading to the halls of Pandemonium.
 86534 | Depths:3 | Noticed Boris
 86551 | Depths:3 | Killed Boris
 87079 | Depths:3 | Noticed Parghit
 87132 | Depths:3 | Killed Parghit
 87606 | Depths:3 | Reached skill level 27 in Summonings
 87743 | Depths:3 | Noticed Xtahua
 87752 | Depths:3 | Killed Xtahua
 87981 | Depths:3 | Reached XP level 23. HP: 174/174 MP: 26/46
 88077 | Depths:3 | Found a one-way gate to the infinite horrors of the Abyss.
 89553 | Depths:4 | Entered Level 4 of the Depths
 90058 | Depths:4 | Noticed a golden dragon
 90074 | Depths:4 | Killed a golden dragon
 90224 | Depths:4 | Reached skill level 10 in Polearms
 91217 | Depths:4 | Found a portal to a secret trove of treasure.
 91610 | Depths:4 | Noticed Jory
 91622 | Depths:4 | Killed Jory
 91744 | Depths:4 | Noticed a juggernaut
 91752 | Depths:4 | Killed a juggernaut
 91819 | Depths:4 | Noticed a golden dragon
 91841 | Depths:4 | Killed a golden dragon
 92255 | Depths:4 | Found a gate to the Realm of Zot.
 92777 | Vaults:5 | Entered Level 5 of the Vaults
 92812 | Vaults:4 | Reached skill level 15 in Dodging
 93744 | Vaults:5 | Gained mutation: You are partially covered in iridescent
                  | scales. (AC +2) [a shining eye]
 95152 | Vaults:5 | Identified the ring "Leonopu" {Wiz rElec rF+ MP-9 Int+6}
 96344 | Vaults:5 | Reached XP level 24. HP: 140/174 MP: 8/46
 97816 | Vaults:5 | Cast into level 2 of the Abyss (ironbound convoker)
 97816 | Abyss:2  | Found a corrupted altar of Lugonu.
 98194 | Vaults:5 | Escaped the Abyss
 99231 | Vaults:5 | Got Napa's Almanac of the Virous Mountains
 99568 | Vaults:5 | Identified the +4 chain mail "Ituilett" {rElec}
 99766 | Vaults:5 | Identified the +1 plate armour of Keirred {Will- Regen+
                  | Dex+4}
 99772 | Vaults:5 | Identified the +0 ring mail "Qaukim" {rPois SInv}
100063 | Vaults:5 | Acquired the ring "Neidebryt" {*Corrode rElec Will+ MP+9
                  | Dex+6}
100705 | Vaults:5 | Identified the ring "Fologo" {Will+ MP+9 AC+4 Int+2}
100936 | Vaults:5 | Got a silver rune of Zot
101727 | Elf:1    | Entered Level 1 of the Elven Halls
102484 | Elf:1    | Identified the +3 hunting sling "Tatacvuw" {flame, Fly rN+
                  | Will-}
102654 | Elf:1    | Identified the ring "Zoippyk" {Ice Int+3}
103013 | Elf:2    | Found Ebihoiq's Magic Scroll Shoppe.
103113 | Elf:2    | Found a huge runed translucent gate.
103113 | Elf:2    | Found a huge runed translucent gate.
103113 | Elf:2    | Found a huge runed translucent gate.
103117 | Elf:2    | Found a huge runed translucent gate.
103122 | Elf:2    | Found a huge runed translucent gate.
103660 | Elf:2    | Paralysed by an air elemental for 1 turns
104849 | Elf:3    | Entered Level 3 of the Elven Halls
106516 | Elf:3    | Reached XP level 25. HP: 184/185 MP: 35/47
107076 | Elf:3    | Reached skill level 15 in Polearms
107143 | Elf:3    | Acquired 770 gold pieces
107295 | Elf:3    | Identified the amulet of Zecaen {Reflect +Inv SH+5 Stlth+}
107329 | Elf:3    | Identified the +9 long sword of Destiny {vorpal, Contam
                  | *Rage rElec Str+9}
107460 | Elf:3    | Identified the +2 hand axe "Goddisk" {venom, rN+ Str+4}
107482 | Elf:3    | Identified the +5 chain mail "Ubropsaz" {Harm rElec rPois
                  | Stlth-}
107626 | Elf:3    | Identified the +0 chain mail of Circular Logic {rCorr}
107635 | Elf:3    | Identified the ring of Wishful Thinking {Drain rPois rF-
                  | rC+ MP+9 Dex+7}
107650 | Elf:3    | Noticed Mara
107668 | Elf:3    | Noticed funaii's illusion
107672 | Elf:3    | Killed Mara
107907 | Elf:3    | Reached skill level 1 in Evocations
108008 | Elf:3    | Got the Tome of Fire
108086 | Elf:3    | Learned a level 8 spell: Summon Horrible Things
108145 | Elf:3    | Identified the +0 scale mail of Failure {rC+}
108470 | Hell     | Entered the Vestibule of Hell
108470 | Hell     | Noticed Geryon
108480 | Hell     | Noticed Murray
109303 | Depths:1 | Killed Murray
112486 | Hell     | Killed Geryon
112837 | Hell     | Found a gateway to the ashen valley of Gehenna.
112905 | Hell     | Found a gateway to the Iron City of Dis.
113092 | Hell     | Found a gateway to the freezing wastes of Cocytus.
113239 | Hell     | Found a gateway to the decaying netherworld of Tartarus.
113609 | Zot:1    | Entered Level 1 of the Realm of Zot
113972 | Zot:1    | Reached XP level 26. HP: 193/193 MP: 38/47
113973 | Zot:1    | Reached skill level 5 in Evocations
113973 | Zot:1    | Reached XP level 27. HP: 198/198 MP: 38/48
117597 | Zot:2    | You fall into a shaft and drop 2 floors!
117625 | Zot:3    | Noticed an orb of fire
117635 | Zot:3    | Killed an orb of fire
118804 | Zot:3    | Noticed an orb of fire
118811 | Zot:3    | Killed an orb of fire
119999 | Zot:3    | Noticed an orb of fire
120012 | Zot:3    | Gained mutation: You are dopey. (Int -2) [an orb of fire]
120024 | Zot:3    | Gained mutation: You sometimes lose the ability to read
                  | scrolls when taking damage. [an orb of fire]
120381 | Zot:3    | Gained mutation: Armour fits poorly on your strangely
                  | shaped body. [an orb of fire]
120397 | Zot:3    | Killed an orb of fire
123837 | Zot:4    | Lost mutation: You are partially covered in iridescent
                  | scales. (AC +2) [potion of mutation]
123837 | Zot:4    | Lost mutation: Armour fits poorly on your strangely shaped
                  | body. [potion of mutation]
123837 | Zot:4    | Gained mutation: You have supernaturally acute eyesight.
                  | (SInv) [potion of mutation]
123837 | Zot:4    | Gained mutation: You are frail. (-10% HP) [potion of
                  | mutation]
124079 | D:11     | Lost mutation: You sometimes lose the ability to read
                  | scrolls when taking damage. [potion of mutation]
124079 | D:11     | Lost mutation: You have supernaturally acute eyesight.
                  | (SInv) [potion of mutation]
124079 | D:11     | Lost mutation: You are dopey. (Int -2) [potion of mutation]
124079 | D:11     | Gained mutation: You have a pair of small horns on your
                  | head. [potion of mutation]
124079 | D:11     | Gained mutation: You are agile. (Dex +2) [potion of
                  | mutation]
124079 | D:11     | Gained mutation: Your muscles are strong. (Str +2) [potion
                  | of mutation]
124080 | D:11     | Lost mutation: Your muscles are strong. (Str +2) [potion of
                  | mutation]
124080 | D:11     | Lost mutation: You are agile. (Dex +2) [potion of mutation]
124080 | D:11     | Lost mutation: You are frail. (-10% HP) [potion of
                  | mutation]
124080 | D:11     | Gained mutation: You tend to lose your temper in combat.
                  | [potion of mutation]
124080 | D:11     | Gained mutation: A frigid envelope surrounds you and
                  | freezes all who hurt you. [potion of mutation]
124081 | D:11     | Lost mutation: A frigid envelope surrounds you and freezes
                  | all who hurt you. [potion of mutation]
124081 | D:11     | Lost mutation: You tend to lose your temper in combat.
                  | [potion of mutation]
124081 | D:11     | Lost mutation: You have a pair of small horns on your head.
                  | [potion of mutation]
124081 | D:11     | Gained mutation: Potions are less effective at restoring
                  | your health. [potion of mutation]
124081 | D:11     | Gained mutation: You are clumsy. (Dex -2) [potion of
                  | mutation]
124081 | D:11     | Gained mutation: Armour fits poorly on your strangely
                  | shaped body. [potion of mutation]
124506 | Zot:5    | Entered Level 5 of the Realm of Zot
124948 | Zot:5    | Noticed an orb of fire
125182 | Zot:5    | Killed an orb of fire
125301 | Zot:5    | Identified the +1 scythe of Broken Luck {freeze, Fly Int+6
                  | Dex-2}
126162 | Zot:5    | Noticed a dread lich
126168 | Zot:5    | Killed a dread lich
126201 | Zot:5    | Noticed an orb of fire
126762 | Zot:5    | Noticed an orb of fire
126769 | Zot:5    | Killed an orb of fire
126901 | Zot:5    | Noticed an orb of fire
126926 | Zot:5    | Gained mutation: Your body sometimes deteriorates upon
                  | taking damage. [an orb of fire]
127311 | Zot:5    | Noticed an orb of fire
127400 | Zot:5    | Killed an orb of fire
127501 | Zot:5    | Noticed an orb of fire
127508 | Zot:5    | Killed an orb of fire
127526 | Zot:5    | Noticed a dread lich
127570 | Zot:5    | Killed an orb of fire
127587 | Zot:5    | Gained mutation: You sometimes lose the ability to read
                  | scrolls when taking damage. [an orb of fire]
127589 | Zot:5    | Gained mutation: You are occasionally teleported next to
                  | monsters. [an orb of fire]
127592 | Zot:5    | Gained mutation: You tend to lose your temper in combat.
                  | [an orb of fire]
127716 | Zot:5    | Noticed an orb of fire
127733 | Zot:5    | Gained mutation: Your body often deteriorates upon taking
                  | damage. [an orb of fire]
127736 | Zot:5    | Slain by an Orb Guardian

Illustrated notes

Levels and vault maps discovered:
D:1:      dpeg_arrival_pond, layout_basic,
          shapermc_ecumenical_altar_mp_ritualfount, chequers_big_river
D:2:      layout_basic, uniq_terence, uniq_sigmund
D:3:      layout_basic, mainiacjoe_overflow_boulevard, lemuel_doored_altar,
          serial_corexii_hall, corexii_hall_statues_x, chequers_hall_statues_y,
          wad_floor_pattern_untrapped
D:4:      layout_basic
D:5:      layout_loops_ring, lemuel_crystal_altar,
          gammafunk_temple_overflow_pools, minmay_misc_feat_x,
          minmay_divided_ellipse
D:6:      dreamdust_elfheim, layout_loops_ring, uniq_pikel
D:7:      layout_basic, minmay_temple_entry_overgrown, uniq_joseph,
          uniq_prince_ribbit1
D:8:      layout_cave_pools, mainiacjoe_overflow_alcove_2, hangedman_decor_push,
          grunt_potential, uniq_erica
D:9:      layout_gridville, mainiacjoe_overflow_six_doors_small,
          kennysheep_mini_moat, david_lair_shrubbed, serial_shops, shop_statue,
          kennysheep_cluttered_room
D:10:     layout_irregular_city, fedhas_altar_4, minivault_16, wad_mini_maze
D:11:     layout_loops_ring, uniq_harold, uniq_nergalle, uniq_lodul
D:12:     layout_loops_ring, kennysheep_orc_monster_closet_entryway,
          serial_shops, bzr_firewalk, uniq_urug
D:13:     minmay_the_grid_net [minmay_the_grid_stretched_grid,
          minmay_the_grid_x, minmay_the_grid_dragon_b,
          minmay_the_grid_holed_spiral, minmay_the_grid_zigzag_pyramid,
          minmay_the_grid_prize_big_room], layout_irregular_city,
          portal_ice_cave_demonic_guard, nicolae_ashenzari_panopticon,
          uniq_sonja
D:14:     layout_gridville, lightli_vaults_fourway_checkpoint,
          infiniplex_staircase_star, minmay_misc_feat_nine_boxes,
          minmay_diced_spiral
D:15:     gammafunk_depths_entry_grave, layout_loops_ring, uniq_azrael
Temple:   nicolae_temple_figure_eight
Lair:1:   minmay_lair_venomous_thicket, layout_regular_city, basic_altar,
          gauntlet_entry_generic, grunt_megastairs_1, serial_bayou_shore_b
Lair:2:   layout_regular_city, infiniplex_staircase_pool, grunt_megastairs_3
Lair:3:   layout_concentric_octagons, minmay_snake_entry_spellcaster
Lair:4:   layout_long_grid, swamp_mist_pool, serial_bayou_shore_a
Lair:5:   layout_regular_city, infiniplex_staircase_pool_2, wad_woods_river_01
Swamp:1:  layout_basic_swamp, nicolae_swamp_very_dense_foliage, swamp_pool3,
          uniq_nikola
Swamp:2:  layout_basic_swamp, serial_swamp_ruin, evilmike_swamp_ruin_rubble_2,
          evilmike_swamp_ruin_house_3, uniq_frances
Swamp:3:  layout_basic_swamp, evilmike_swamp_ruin_house_5
Swamp:4:  swamp, layout_basic_swamp, ebering_ghost_inner_flame
Snake:1:  layout_grid_shapes, hellmonk_ghost_happy_afterlife
Snake:2:  layout_cave_town, basic_altar, fake_guardian_serpent_vault
Snake:3:  nicolae_snake_unarmed_stairs_patrol, layout_grid_shapes, uniq_aizul
Snake:4:  minmay_snake_end_coiled, layout_cave_town, basic_altar, st_stairs_8,
          uniq_asterion
Orc:1:    layout_diamond_mine, serial_shops, nicolae_shop_behind_doors,
          nicolae_orc_rockfall, elves_outpost_lemuel
Orc:2:    st_orc_town, layout_caves, serial_shops, shop
Elf:1:    layout_geoelf_diagonals, minivault_28, minmay_misc_feat_columns
Elf:2:    elven_hall_of_blades_hangedman_alternative
          [nicolae_blade_little_rooms], layout_geoelf_grid, serial_shops,
          shop_scrolls
Elf:3:    minmay_elf_hall_circle, layout_geoelf_diagonals,
          hangedman_elven_pyramids, nicolae_concentric_dashed_squares_wild,
          uniq_mara
Vaults:1: st_greater_box_1, v_pattern_2, ontoclasm_vaults_ring_small,
          vaults_room_door_hall, hangedman_vaults_trim,
          ontoclasm_vaults_loading_screen, nicolae_vaults_specimen_jars,
          v_rooms_5, v_misc_2, v_misc_15, vaults_room_pool,
          nicolae_vaults_mini_display_case, layout_vaults_omnibox
Vaults:2: ontoclasm_vaults_bender, minmay_crypt_entry_nasty_monster,
          v_pattern_3, ontoclasm_vaults_gateway, v_alt_pattern_2, v_rooms_4,
          v_rooms_6, vaults_standard_mumra_enter_the_diamond, v_misc_10,
          layout_vaults_big_room, serial_shops, nicolae_shop_hallway_plus,
          nicolae_shop_behind_doors, nicolae_lakefront_shop, shop, shop
Vaults:3: nicolae_vaults_triangles, ontoclasm_vaults_spin,
          vaults_room_door_ring, nicolae_vaults_diagonal_hallway_8,
          v_alt_pattern_6, v_misc_30, v_misc_14, layout_vaults_omnigrid,
          serial_shops, shop_statue
Vaults:4: ebering_ghost_rock_garden, vaults_dpeg_encased_lava,
          nicolae_vaults_circle_grid_a, v_rooms_2, hangedman_vaults_stream,
          hangedman_vaults_nodes, nicolae_vaults_back_hallway,
          grunt_vaults_hallway_short, v_misc_1, grunt_vaults_hallway_long,
          vaults_mumra_lcd, v_misc_5, vaults_room_pools, v_misc_5,
          layout_vaults_maze_bifur, serial_shops, nicolae_shop_statue_plus,
          uniq_donald, uniq_boris, uniq_saint_roka
Vaults:5
Depths:1: layout_cave_pools, pf_hell_entry_tar_spiral,
          lightli_enter_wizlab_magi_temple, grunt_qazlal_clouds,
          chequers_hall_statues_corner_a, minmay_alternating_orb,
          minmay_shop_grove
Depths:2: minmay_central_circle, layout_cave_shapes, enter_ziggurat_d,
          hellmouth_1, nicolae_lava_and_water, pan_entry,
          minmay_protected_statue, infiniplex_staircase_trident
Depths:3: nicolae_cairo_tiling, layout_cave_pools, abyss_entry,
          nrook_mini_backslash, grunt_mini_vestibule,
          infiniplex_staircase_zigzag_5, uniq_xtahua, uniq_parghit
Depths:4: evilmike_zot_entry_basic, layout_basic, hellmouth_3,
          grunt_decor_arrowhead, enter_trove_1, uniq_jory
Hell
Zot:1:    layout_gridlike
Zot:2:    layout_gridlike, hangedman_spider_trapstep
Zot:3:    layout_cellular_growth, grunt_megastairs_4, lemuel_elevator
Zot:4:    layout_onion_interference
Zot:5:    layout_basic, grunt_ministairs_2, hangedman_zot_decor_scrapings

Skill      XL: |  1  2  3  4  5  6  7  8  9 10 11 12 13 14 15 16 17 18 19 20 21 22 23 24 25 26 27 |
---------------+----------------------------------------------------------------------------------+-----
Stealth        | 2 3 4 5 7 8 |  8.7
Summonings     | 5 6 7 8 9 10 12 14 16 18 19 21 22 23 24 25 27 | 27.0
Dodging        | 3 4 5 6 7 9 10 12 13 16 18 19 22 | 22.4
Spellcasting   | 3 4 5 7 8 9 11 12 13 14 15 16 17 18 19 20 21 22 | 22.0
Translocations | 2 3 |  3.0
Armour         | 3 7 9 11 12 | 12.0
Invocations    | 1 4 6 7 8 9 |  9.4
Fighting       | 7 10 13 14 16 18 19 | 19.0
Shields        | 3 5 7 8 9 |  9.0
Polearms       | 3 5 7 9 12 14 16 19 | 19.2
Evocations     | 4 5 9 |  9.9

Action                   |  1- 3 |  4- 6 |  7- 9 | 10-12 | 13-15 | 16-18 | 19-21 | 22-24 | 25-27 || total
-------------------------+-------+-------+-------+-------+-------+-------+-------+-------+-------++-------
Melee: Spear             |    33 |     2 |       |       |       |       |       |       |    18 ||    53
       Unarmed           |     1 |       |       |       |       |       |       |       |       ||     1
       Halberd           |       |    20 |       |       |       |       |       |       |       ||    20
       Scythe            |       |    13 |    18 |       |       |       |       |       |       ||    31
       Trident           |       |       |    31 |   120 |   204 |   109 |   289 |    97 |       ||   850
       Punch             |       |       |       |     1 |       |       |       |       |       ||     1
       Demon trident     |       |       |       |       |       |       |       |   352 |   373 ||   725
 Fire: Hand crossbow     |       |       |       |     1 |       |       |       |       |       ||     1
 Cast: Summon Small Mamm |    30 |    24 |    54 |    48 |     2 |       |       |       |     1 ||   159
       Call Imp          |     2 |     2 |     4 |    10 |     1 |       |       |       |       ||    19
       Call Canine Famil |     9 |    18 |    65 |    81 |    84 |    23 |     1 |     1 |     2 ||   284
       Summon Guardian G |       |     6 |    46 |    83 |    55 |     5 |    20 |     5 |       ||   220
       Summon Lightning  |       |       |       |    68 |    95 |   123 |    35 |    69 |    40 ||   430
       Summon Forest     |       |       |       |     3 |     4 |     4 |       |     8 |    28 ||    47
       Summon Hydra      |       |       |       |       |    29 |    84 |   200 |   234 |   153 ||   700
       Monstrous Menager |       |       |       |       |    67 |   247 |   205 |   202 |   116 ||   837
       Summon Cactus Gia |       |       |       |       |       |       |       |    20 |    11 ||    31
       Summon Horrible T |       |       |       |       |       |       |       |       |    49 ||    49
Invok: Ancestor Life: Ba |       |       |       |     1 |       |       |       |       |       ||     1
       Idealise          |       |       |       |       |     2 |     3 |     3 |     4 |     9 ||    21
       Recall Ancestor   |       |       |       |       |       |     1 |     5 |     6 |     5 ||    17
       Transference      |       |       |       |       |       |       |       |     3 |       ||     3
 Abil: Hop               |       |       |     1 |     7 |     3 |     6 |    15 |    19 |    16 ||    67
Evoke: Wand              |       |       |       |     2 |       |       |       |       |     1 ||     3
       Phial of floods   |       |       |       |       |     1 |       |       |       |       ||     1
       Tin of tremorston |       |       |       |       |       |       |     1 |       |       ||     1
       Lightning rod     |       |       |       |       |       |       |     2 |       |       ||     2
  Use: Scroll            |       |     5 |     7 |    19 |     5 |     7 |     6 |    16 |    16 ||    81
       Potion            |       |       |     2 |     1 |     3 |       |       |     7 |    11 ||    24
 Stab: Distracted        |       |       |     1 |     3 |     7 |     6 |    17 |    28 |    22 ||    84
       Paralysed         |       |       |       |       |     8 |     2 |     3 |     1 |       ||    14
       Confused          |       |       |       |       |       |     1 |       |       |       ||     1
       Sleeping          |       |       |       |       |       |       |     1 |       |       ||     1
Armor: Robe              |    10 |     4 |    26 |       |       |       |       |       |       ||    40
       Skin              |       |       |     9 |       |       |       |       |       |       ||     9
       Leather armour    |       |       |       |    79 |    36 |       |       |       |       ||   115
       Scale mail        |       |       |       |       |    52 |   133 |       |       |       ||   185
       Ring mail         |       |       |       |       |       |     5 |   118 |       |       ||   123
       Chain mail        |       |       |       |       |       |       |    95 |   305 |   188 ||   588
Dodge: Dodged            |    28 |    35 |    71 |   246 |   181 |   122 |   215 |   151 |   112 ||  1161
       Repelled          |       |       |       |       |     2 |    17 |     9 |    15 |    20 ||    63
Block: Kite shield       |       |       |       |       |       |    74 |   192 |       |       ||   266
       Buckler           |       |       |       |       |       |       |    31 |   121 |   159 ||   311
       Reflection        |       |       |       |       |       |       |       |       |     3 ||     3

Table legend: (Time is in decaauts)
 A = Elapsed time spent in this place.
 B = Non-inter-level travel time spent in this place.
 C = Inter-level travel time spent in this place.
 D = Time resting spent in this place.
 E = Time spent auto-exploring this place.
 F = Levels seen in this place.
 G = Mean time per level.
                   A        B        C        D        E       F      G
               +--------+--------+--------+--------+--------+-----+--------+
         Total | 137564 | 128880 |   8684 |  54973 |  44224 |  52 | 2645.5 |
       Dungeon |  36818 |  33444 |   3374 |  11081 |  14740 |  15 | 2454.5 |
        Temple |    427 |    303 |    124 |      0 |    294 |   1 |  427.0 |
          Lair |   9608 |   8422 |   1186 |   1684 |   5264 |   5 | 1921.6 |
         Swamp |   6667 |   6481 |    186 |   3367 |   1647 |   4 | 1666.8 |
     Snake Pit |  11263 |  10796 |    467 |   4053 |   4295 |   4 | 2815.8 |
  Orcish Mines |   3196 |   2972 |    224 |    765 |   1438 |   2 | 1598.0 |
   Elven Halls |   6982 |   6706 |    276 |   1296 |   4336 |   3 | 2327.3 |
        Vaults |  25480 |  24183 |   1297 |  12999 |   5214 |   5 | 5096.0 |
        Depths |  18793 |  17731 |   1062 |  11793 |   1532 |   4 | 4698.2 |
          Hell |   1189 |   1170 |     19 |    317 |    468 |   1 | 1189.0 |
           Zot |  14549 |  14085 |    464 |   6853 |   4473 |   5 | 2909.8 |
         Abyss |    387 |    387 |      0 |    101 |      0 |   1 |  387.0 |
        Bazaar |    269 |    269 |      0 |      0 |    111 |   1 |  269.0 |
      Ice Cave |   1930 |   1930 |      0 |    660 |    406 |   1 | 1930.0 |
               +--------+--------+--------+--------+--------+-----+--------+

Top non-repeatable levels by time:
Depths:1: 8952 daAuts
Vaults:4: 8626 daAuts
Vaults:1: 5361 daAuts
    D:15: 5066 daAuts
Vaults:3: 4164 daAuts
   Zot:3: 4105 daAuts
Vaults:5: 3796 daAuts
   Zot:2: 3676 daAuts
Depths:3: 3662 daAuts
 Snake:4: 3619 daAuts
Vaults:2: 3532 daAuts
Depths:4: 3433 daAuts
     D:9: 3397 daAuts
    D:10: 3369 daAuts
    D:14: 3264 daAuts
